[Event "*** Titled Tuesday Blitz"]
[Site "Chess.com"]
[Date "2020.03.03"]
[Round "6"]
[White "Jospem"]
[Black "MarcoRiehle"]
[Result "1-0"]
[WhiteElo "2924"]
[BlackElo "2750"]
[TimeControl "180+1"]
[EndTime "14:00:54 PST"]
[Termination "Jospem won by resignation"]

1. c4 c5 2. Nf3 Nf6 3. Nc3 d5 4. cxd5 Nxd5 5. e3 Nc6 6. Bc4 e6 7. O-O Be7 8. d4 O-O 9. Qe2 cxd4 10. exd4 Bf6 11. Rd1 Re8 12. Ne4 b6 13. a3 Bb7 14.
Ba2 Rc8 15. b4 Bxd4 16. Bg5 Nf6 17. Bxf6 gxf6 18. b5 Bxa1 19. bxc6 Rxc6 20. Rxd8 Rxd8 21. h4 f5 22. Neg5 h6 23. Nh3 Rc1+ 24. Kh2 Rdd1 25. Bxe6 fxe6 26. Qxe6+ Kf8 27. Qxf5+ Ke8 28. Nf4 Bxf3 29.
gxf3 Rh1+ 30. Kg3 Rhg1+ 31. Ng2 Rc7 32. Kh2 Re1 33. Nxe1 1-0

[Event "*** Titled Tuesday Blitz"]
[Site "Chess.com"]
[Date "2020.03.03"]
[Round "6"]
[White "HashtagChess"]
[Black "VFernandezB"]
[Result "1/2-1/2"]
[WhiteElo "1603"]
[BlackElo "2239"]
[TimeControl "180+1"]
[EndTime "14:00:55 PST"]
[Termination "Game drawn by agreement"]

1. e4 c5 2. Nf3 Nc6 3. Bb5 e6 4.
O-O Nge7 5. Re1 a6 6. Bf1 d5 7.
exd5 Nxd5 8. c3 Bd6 9. d4 cxd4 10. Nxd4 Nxd4 11. Qxd4 O-O 12. Nd2 Qc7 13. h3 Rd8 14.
Qh4 b5 15. Ne4 Be7 16. Qh5 Bb7 17. Bg5 Nf4 18. Bxf4 Qxf4 19. Ng3 g6 20. Qg4 Qxg4 21. hxg4 Bc5 22. Rad1 f5 23. gxf5 exf5 24. Ne2 Bd5 25. b3 Bf7 26. Nf4 g5 27. Nd3 Bb6 28. Ne5 Rxd1 29.
Rxd1 Rd8 30. Rxd8+ Bxd8 31. Nxf7 Kxf7 32. c4 b4 33. Bd3 Kf6 34. Kf1 Ke5 35. Ke2 Bb6 36. c5 Bxc5 37. Bxa6 Kd4 38. Bd3 f4 39. Bxh7 Kc3 40.
Kf3 Kb2 41. Kg4 Bxf2 42. Kxg5 Bg3 43. Bg8 Kxa2 44. Bd5 Kb2 45. Kf5 Kc3 46. Ke4 1/2-1/2

[Event "*** Titled Tuesday Blitz"]
[Site "Chess.com"]
[Date "2020.03.03"]
[Round "6"]
[White "OparinGrigoriy"]
[Black "EugeneRougon"]
[Result "1-0"]
[WhiteElo "3010"]
[BlackElo "2685"]
[TimeControl "180+1"]
[EndTime "14:01:03 PST"]
[Termination "OparinGrigoriy won by resignation"]

1. Nf3 d5 2. g3 Bg4 3. Bg2 c6 4.
O-O Nd7 5. d3 Ngf6 6. c4 dxc4 7.
dxc4 Bxf3 8. Bxf3 Ne5 9. Nd2 Nxf3+ 10. Nxf3 Qxd1 11. Rxd1 g6 12. Rd3 Bg7 13. Rb3 b6 14. a4 O-O 15. a5 Nd7 16. Be3 Rfb8 17. axb6 axb6 18. Rxa8 Rxa8 19. Bxb6 Rb8 20. c5 Nxc5 21. Rb4 Na6 22. Rb3 Nc7 23. Nd2 Nd5 24. Bd4 Rxb3 25. Nxb3 e5 26. e4 Nb4 27. Bc3 Nd3 28. Kf1 c5 29. Ke2 c4 30. Na5 Nc5 31. Nxc4 Nxe4 32. Bxe5 f6 33. Bd4 Kf7 34. Kd3 Ng5 35. b4 Ke6 36. b5 Kd5 37. Ne3+ Kd6 38. Kc4 Ne6 39. Bc3 f5 40. Bxg7 Nxg7 41. Nc2 Ne6 42. Nd4 Ng5 43. f3 Nh3 44. b6 Ng1 45. Kb5 Kd7 46. Ka6 1-0

[Event "*** Titled Tuesday Blitz"]
[Site "Chess.com"]
[Date "2020.03.03"]
[Round "6"]
[White "SerGo055"]
[Black "marianokar"]
[Result "0-1"]
[WhiteElo "2518"]
[BlackElo "2403"]
[TimeControl "180+1"]
[EndTime "14:01:03 PST"]
[Termination "marianokar won by resignation"]

1. d4 Nf6 2. Nf3 e6 3. c4 d5 4. Nc3 Bb4 5. Bg5 Nbd7 6. Qb3 c5 7.
dxc5 Qa5 8. Bxf6 Nxf6 9. e3 O-O 10. a3 Bxc3+ 11. Qxc3 Qxc3+ 12. bxc3 Bd7 13. Rb1 Rfc8 14.
Rxb7 Rxc5 15. Ne5 Be8 16. Be2 dxc4 17. Nxc4 Bc6 18. Rb4 Bxg2 19. Rg1 Bc6 20. Rb3 Bd5 21. Rb4 a5 22. Ra4 Bc6 23. Nb6 Bxa4 24. Nxa8 Rxc3 25. Kd2 Ne4+ 26. Ke1 Rc1+ 27. Bd1 Rxd1+ 28. Ke2 Rxg1 0-1

[Event "*** Titled Tuesday Blitz"]
[Site "Chess.com"]
[Date "2020.03.03"]
[Round "6"]
[White "Witik"]
[Black "Sunnika"]
[Result "1-0"]
[WhiteElo "2650"]
[BlackElo "2403"]
[TimeControl "180+1"]
[EndTime "14:01:04 PST"]
[Termination "Witik won by checkmate"]

1. c3 d5 2. d3 Bg4 3. Qa4+ Bd7 4. Qb3 Bc8 5. h3 e5 6. g4 h6 7. Bg2 c6 8. Nd2 Bd6 9. Nf1 Nd7 10. Ng3 Ne7 11.
Nf3 Nc5 12. Qc2 e4 13. Nd4 exd3 14. exd3 O-O 15. Be3 Ng6 16. O-O-O Nf4 17. Bf3 a5 18. Ndf5 a4 19. Rhg1 a3 20. b3 Nce6 21. d4 b5 22. h4 b4 23. cxb4 Bxb4 24. g5 hxg5 25. hxg5 Nxg5 26. Bxf4 Nxf3 27. Nh6+ gxh6 28. Nh5+ Nxg1 29.
Rxg1+ Kh8 30. Be5+ f6 31. Qg6 Qe7 32. Qxh6+ Qh7 33.
Bxf6+ Rxf6 34. Qxf6+ Qg7 35. Qxg7# 1-0

[Event "*** Titled Tuesday Blitz"]
[Site "Chess.com"]
[Date "2020.03.03"]
[Round "6"]
[White "ckgchess"]
[Black "vova-79"]
[Result "1/2-1/2"]
[WhiteElo "2693"]
[BlackElo "2551"]
[TimeControl "180+1"]
[EndTime "14:01:05 PST"]
[Termination "Game drawn - insufficient material"]

1. e4 e6 2. d4 d5 3. exd5 exd5 4.
Nf3 Bd6 5. Bd3 Ne7 6. O-O O-O 7. c3 Bf5 8. Bxf5 Nxf5 9. Qd3 Ne7 10. Ng5 Ng6 11.
Be3 Nd7 12. Nd2 h6 13. Ne6 fxe6 14. Qxg6 Qf6 15. Qxf6 Rxf6 16. Nf3 Re8 17. Rfe1 e5 18. dxe5 Nxe5 19. Nxe5 Rxe5 20. Bd4 Rxe1+ 21. Rxe1 Rf8 22. g3 c5 23. Be3 Kf7 24. f4 Re8 25. Kf2 h5 26.
Kf3 g6 27. h3 b6 28. Rd1 Ke6 29. g4 hxg4+ 30. hxg4 Rh8 31. f5+ gxf5 32. gxf5+ Kxf5 33. Rxd5+ Ke6 34. Rd2 Rh3+ 35. Ke4 Rh4+ 36. Kd3 c4+ 37. Kc2 Rh2 38. Rxh2 Bxh2 39. b3 Kd5 40. Bg5 b5 41.
Be7 Ke4 42. Bc5 a6 43. a4 Kd5 44. axb5 cxb3+ 45. Kxb3 Kxc5 46. bxa6 Kb6 47. c4 Kxa6 48.
c5 Kb5 49. c6 Kxc6 1/2-1/2

[Event "*** Titled Tuesday Blitz"]
[Site "Chess.com"]
[Date "2020.03.03"]
[Round "6"]
[White "FedaMaster"]
[Black "violetflower04"]
[Result "0-1"]
[WhiteElo "2412"]
[BlackElo "2210"]
[TimeControl "180+1"]
[EndTime "14:01:06 PST"]
[Termination "violetflower04 won on time"]

1. e4 c5 2. Nf3 d6 3. d4 cxd4 4. Nxd4 Nf6 5. Nc3 Nc6 6. Bg5 e6 7. Qd3 a6 8. O-O-O Bd7 9. f4 b5 10. Be2 Qb6 11. Nxc6 Bxc6 12. Bf3 b4 13. Nd5 exd5 14.
exd5 Bb5 15. Rhe1+ Kd8 16. Qf5 Be7 17. Rxe7 Kxe7 18. Re1+ Kf8 19. Bxf6 gxf6 20. Qxf6 Rg8 21. Qe7+ Kg7 0-1

[Event "*** Titled Tuesday Blitz"]
[Site "Chess.com"]
[Date "2020.03.03"]
[Round "6"]
[White "DrMelekess"]
[Black "GadimbayliA"]
[Result "0-1"]
[WhiteElo "2726"]
[BlackElo "2903"]
[TimeControl "180+1"]
[EndTime "14:01:10 PST"]
[Termination "GadimbayliA won by resignation"]

1. d4 d5 2. Nf3 Nc6 3. Bf4 Nf6 4.
e3 Nh5 5. Bg3 Nxg3 6. hxg3 g6 7.
c4 Bg7 8. cxd5 Qxd5 9. Nc3 Qd8 10. Bc4 e6 11. Qe2 Ne7 12. O-O-O c6 13. Bb3 a5 14. a3 b5 15. Ne4 a4 16. Ba2 O-O 17. Kb1 b4 18. axb4 Nd5 19. Qd2 Qb6 20. Rh4 e5 21. Nd6 exd4 22. Nxc8 Rfxc8 23. Bxd5 cxd5 24. Nxd4 a3 25. b3 a2+ 26. Ka1 Rc7 27. Rhh1 Rb7 28. Rc1 Qxb4 29.
Qxb4 Rxb4 30. Rc3 Rxd4 31. exd4 Bxd4 32. Rc1 Rc8 0-1

[Event "*** Titled Tuesday Blitz"]
[Site "Chess.com"]
[Date "2020.03.03"]
[Round "6"]
[White "SCIM"]
[Black "ChelsieMonica"]
[Result "0-1"]
[WhiteElo "2472"]
[BlackElo "2187"]
[TimeControl "180+1"]
[EndTime "14:01:11 PST"]
[Termination "ChelsieMonica won on time"]

1. d4 Nf6 2. c4 e6 3. g3 Be7 4.
Nf3 O-O 5. Bg2 d5 6. O-O c5 7. dxc5 Bxc5 8. Qc2 Nc6 9. cxd5 Qxd5 10. Nc3 Qh5 11.
Bg5 Nd4 12. Nxd4 Bxd4 13. h4 Qg6 14. Qxg6 hxg6 15. Rfd1 e5 16. Rac1 Be6 17. e3 Bb6 18. Bxb7 Rab8 19. Bg2 Nh7 20. Be7 Rfe8 21. Ba3 Bg4 22.
Rd2 Nf6 23. Nd5 Rbd8 24. Nxf6+ gxf6 25. Bd5 Bf3 26. e4 f5 27. Rc6 Kg7 28. Rd3 fxe4 29. Rxf3 exf3 30. Bxf3 e4 31. Be2 Rd2 32. Kf1 Re6 33.
Rc4 Rf6 34. f4 exf3 0-1

[Event "*** Titled Tuesday Blitz"]
[Site "Chess.com"]
[Date "2020.03.03"]
[Round "6"]
[White "ehrenfeld"]
[Black "davigator"]
[Result "0-1"]
[WhiteElo "2471"]
[BlackElo "2323"]
[TimeControl "180+1"]
[EndTime "14:01:11 PST"]
[Termination "davigator won on time"]

1. e4 c5 2. d3 g6 3. f4 Bg7 4. Nf3 d6 5. Be2 Nc6 6. O-O e6 7. c3 Nge7 8. Be3 O-O 9. d4 b6 10. Na3 a6 11. Qd2 Qc7 12. Rad1 Rd8 13. Nc2 Bb7 14.
Qe1 Na5 15. Qh4 Bxe4 16. Ng5 Bxc2 17. Qxh7+ Kf8 18. Rd2 Bf5 19. g4 f6 20. gxf5 fxg5 21. f6 Nf5 22. fxg5 Ra7 23. Bg4 Qf7 24. Bxf5 exf5 25.
fxg7+ Qxg7 26. Qh4 Nc4 27. Re2 Re8 28. Rfe1 Rae7 29. Qf2 Nxe3 30. Rxe3 cxd4 31. Rxe7 Rxe7 32. Rxe7 Kxe7 33. cxd4 Kd7 34. h4 Qf7 35. Qe2 b5 36. Kh2 Qxa2 0-1

[Event "*** Titled Tuesday Blitz"]
[Site "Chess.com"]
[Date "2020.03.03"]
[Round "6"]
[White "Witaliss"]
[Black "DinaBelenkaya"]
[Result "1-0"]
[WhiteElo "2434"]
[BlackElo "2280"]
[TimeControl "180+1"]
[EndTime "14:01:15 PST"]
[Termination "Witaliss won on time"]

1. d4 Nf6 2. Nf3 e6 3. c4 Bb4+ 4. Nbd2 d6 5. a3 Bxd2+ 6. Qxd2 Nbd7 7. g3 O-O 8. Bg2 Qe7 9. O-O Ne4 10. Qc2 f5 11. b4 b6 12. Ng5 d5 13. Nxe4 dxe4 14.
c5 Nf6 15. Bf4 Nd5 16. Be5 Ba6 17. Rfc1 Rac8 18. Qd2 Rf7 19. a4 bxc5 20. Rxc5 c6 21. Rac1 Qd7 22. f3 e3 23. Qb2 f4 24. b5 cxb5 25. Rxc8+ Bxc8 26. Qxb5 Rf8 27. Bh3 Qxb5 28. axb5 Bd7 29. Rc5 g5 30. Rxd5 exd5 31. Bxd7 Kf7 32. gxf4 gxf4 33. Bf5 h6 34. Kg2 1-0

[Event "*** Titled Tuesday Blitz"]
[Site "Chess.com"]
[Date "2020.03.03"]
[Round "6"]
[White "Pechen_Yeltsina"]
[Black "Hasangatin_Ramil"]
[Result "0-1"]
[WhiteElo "2705"]
[BlackElo "2567"]
[TimeControl "180+1"]
[EndTime "14:01:16 PST"]
[Termination "Hasangatin_Ramil won by checkmate"]

1. e4 d5 2. exd5 Qxd5 3. Nc3 Qd6 4. d4 Nf6 5. Nf3 a6 6. Ne5 Nc6 7. Nxc6 Qxc6 8. Bf4 e6 9. Be2 Bd6 10. Bf3 Qd7 11. Be5 Rb8 12. O-O b5 13. a4 b4 14. Ne4 Nxe4 15. Bxe4 Bb7 16. Bxb7 Rxb7 17. Qf3 c6 18. Bxg7 Rg8 19. Be5 Bxe5 20. dxe5 Qd5 21. Qxd5 cxd5 22. Rad1 Rc7 23. Rd2 Kd7 24. b3 Rgc8 25.
Rc1 Rc3 26. Kf1 Rxb3 27. Ke2 Rbc3 28. Rb1 a5 29. Rb2 R8c4 30. f3 Ra3 31. g3 Rxa4 32. f4 Ra1 33. Ke3 a4 34. Rd4 a3 35. Rxb4 Rxb4 36.
Rxb4 a2 37. Kd2 Rh1 38. Rb7+ Kc6 39. Rxf7 a1=Q 40. Rxh7 Qd4+ 41. Ke2 Qe4+ 42. Kf2 Qxh7 43. h4 Qe4 44. c4 d4 45. c5 d3 46. f5 d2 47.
fxe6 d1=Q 48. e7 Kd7 49. c6+ Ke8 50. c7 Qdf3# 0-1

[Event "*** Titled Tuesday Blitz"]
[Site "Chess.com"]
[Date "2020.03.03"]
[Round "6"]
[White "JozefKneht"]
[Black "Everyfishknows"]
[Result "1-0"]
[WhiteElo "2573"]
[BlackElo "2411"]
[TimeControl "180+1"]
[EndTime "14:01:17 PST"]
[Termination "JozefKneht won on time"]

1. e4 e5 2. Nf3 Nc6 3. Bb5 a6 4.
Ba4 Nf6 5. O-O Be7 6. Re1 b5 7. Bb3 d6 8. c3 O-O 9. h3 Bb7 10. d4 Re8 11. Nbd2 Bf8 12. a4 h6 13. Bc2 exd4 14.
cxd4 Nb4 15. Bb1 c5 16. d5 Nd7 17. Ra3 c4 18. Nd4 Qf6 19. N2f3 Nc5 20. Ree3 Nbd3 21. axb5 axb5 22. Nxb5 Rxa3 23. Nxa3 Ba6 24. Bxd3 Nxd3 25. Qa4 Ra8 26. Qc6 Qd8 27. Bd2 Nxb2 28. Nc2 Qc8 29. Ra3 Bb7 30. Qxc8 Rxc8 31. Ne3 Nd3 32. Bc3 Nc5 33.
Nd2 Ba6 34. f3 Rb8 35. Ndxc4 Rb3 36. Rxb3 Nxb3 37. Bb4 Nd4 38. Bxd6 1-0

[Event "*** Titled Tuesday Blitz"]
[Site "Chess.com"]
[Date "2020.03.03"]
[Round "6"]
[White "Bongcloudtransvestit"]
[Black "talman67"]
[Result "0-1"]
[WhiteElo "2343"]
[BlackElo "2523"]
[TimeControl "180+1"]
[EndTime "14:01:21 PST"]
[Termination "talman67 won on time"]

1. d4 Nf6 2. c4 e6 3. g3 d5 4.
Bg2 Bb4+ 5. Bd2 Be7 6. Nf3 c6 7. O-O b6 8. Qc2 O-O 9. Bf4 Ba6 10.
cxd5 cxd5 11. Rc1 Qd7 12. Ne5 Qd8 13. Nc3 Nfd7 14. e4 Nxe5 15. Bxe5 Bb7 16. exd5 exd5 17. Qb3 Nc6 18. Nxd5 Na5 19. Nxe7+ Qxe7 20. Qa4 Bxg2 21. Kxg2 Rfc8 22. Qd1 Nc4 23. Qe2 Qb7+ 24. Kg1 Qd5 25. b3 Nxe5 26. Qxe5 Qf3 27. Qe3 Qb7 28. Rxc8+ Rxc8 29. Rc1 Rd8 30. h4 h6 31. Qe5 Rd7 32. a4 Re7 33. Qf4 Qd5 34. Rc3 Re1+ 0-1

[Event "*** Titled Tuesday Blitz"]
[Site "Chess.com"]
[Date "2020.03.03"]
[Round "6"]
[White "kleinebeer98"]
[Black "Hubbery"]
[Result "1-0"]
[WhiteElo "2712"]
[BlackElo "2546"]
[TimeControl "180+1"]
[EndTime "14:01:23 PST"]
[Termination "kleinebeer98 won on time"]

1. e4 e5 2. Nf3 Nc6 3. Nc3 Nf6 4. Bb5 Bd6 5. O-O O-O 6. Re1 Re8 7. d3 h6 8. a3 Bf8 9. Ne2 d6 10. Ng3 Bg4 11.
c3 a6 12. Ba4 b5 13. Bc2 d5 14. h3 Be6 15. Qe2 dxe4 16. dxe4 Bc5 17. Nh4 Bc4 18.
Qf3 Nh7 19. Nhf5 Ne7 20. Qg4 Ng6 21. h4 Nf6 22. Qf3 Be6 23. h5 Nf4 24. Bxf4 exf4 25.
Qxf4 Qc8 26. Nxh6+ Kf8 27. Nhf5 Bxf5 28. Nxf5 Nxh5 29.
Qg5 g6 30. Bb3 gxf5 31. Qxh5 Qd7 32. Rad1 Bd6 33. e5 1-0

[Event "*** Titled Tuesday Blitz"]
[Site "Chess.com"]
[Date "2020.03.03"]
[Round "6"]
[White "GMWSO"]
[Black "platy3"]
[Result "1-0"]
[WhiteElo "3115"]
[BlackElo "2866"]
[TimeControl "180+1"]
[EndTime "14:01:25 PST"]
[Termination "GMWSO won by resignation"]

1. Nf3 Nf6 2. b3 g6 3. Bb2 b6 4. d4 Bg7 5. c4 c6 6. e3 O-O 7.
Be2 d5 8. O-O Bb7 9. Nc3 a6 10.
Rc1 b5 11. c5 Nbd7 12. b4 Ne8 13. Nd2 e5 14. Nb3 Rc8 15. a4 Nc7 16. Ra1 f5 17.
axb5 axb5 18. Ra7 Ba8 19. Na5 f4 20. dxe5 fxe3 21. f4 Nxe5 22. fxe5 Bxe5 23. g3 Qg5 24. Bf3 Ne6 25. Rxa8 Rxa8 26. Nxc6 Bxg3 27. Qxd5 Qxd5 28.
Bxd5 Bxh2+ 29. Kg2 Rxf1 30. Bxe6+ Kf8 31. Kxf1 Ra6 32.
Bd5 1-0

[Event "*** Titled Tuesday Blitz"]
[Site "Chess.com"]
[Date "2020.03.03"]
[Round "6"]
[White "Lovkov_Roman"]
[Black "Vegan4future"]
[Result "1-0"]
[WhiteElo "2692"]
[BlackElo "2532"]
[TimeControl "180+1"]
[EndTime "14:01:26 PST"]
[Termination "Lovkov_Roman won by resignation"]

1. e4 e5 2. Nf3 d6 3. d4 exd4 4.
Nxd4 Nf6 5. Nc3 Be7 6. Be2 O-O 7.
O-O Re8 8. f4 c5 9. Nf3 Nc6 10. h3 a6 11. e5 dxe5 12. Qxd8 Bxd8 13. fxe5 Nxe5 14. Nxe5 Rxe5 15. Bf4 Re8 16. Bf3 h6 17. Rfe1 Rxe1+ 18. Rxe1 Bb6 19. Nd5 Nxd5 20. Bxd5 Bf5 21. Re7 Bg6 22. Rxb7 Ba5 23. c4 Re8 24. Kf2 Be1+ 25.
Kf3 Bh5+ 26. g4 Bg6 27. Ra7 Bh4 28. Rxa6 Bf6 29. b3 h5 30. g5 Bd4 31. Rxg6 Re1 32. Ra6 Rh1 33. g6 Rxh3+ 34. Kg2 1-0

[Event "*** Titled Tuesday Blitz"]
[Site "Chess.com"]
[Date "2020.03.03"]
[Round "6"]
[White "NM2019"]
[Black "ZEN-22"]
[Result "0-1"]
[WhiteElo "2031"]
[BlackElo "2410"]
[TimeControl "180+1"]
[EndTime "14:01:26 PST"]
[Termination "ZEN-22 won on time"]

1. c4 d5 2. cxd5 c6 3. dxc6 Nxc6 4. Nf3 e5 5. Nc3 f5 6. d3 Nf6 7.
g3 Bc5 8. Bg2 e4 9. dxe4 Qxd1+ 10. Nxd1 fxe4 11. Ng5 Nd4 12. O-O Nxe2+ 13. Kh1 Bf5 14.
Re1 Nxc1 15. Rxc1 Bb4 16. Nc3 O-O 17. Kg1 Rae8 18. a3 Ba5 19. b4 Bb6 20. Na4 Bd4 21. Rcd1 Bxf2+ 22. Kxf2 Bg4 23. Kg1 Bxd1 24. Rxd1 e3 25. h3 h6 26. Nf3 Ne4 27. Kh2 Nf2 28. Re1 Nd3 29. Re2 Nc1 30. Rc2 Nd3 31. Re2 g5 32. Nc5 Nf2 33. Nxb7 g4 34. Nd4 gxh3 35. Bxh3 Nd3 36. Nf5 Nf2 37. Rxe3 Rxe3 38. Nxe3 Rf3 39. Ng4 Nxh3 40. Kxh3 Rxa3 41. Nxh6+ Kh7 42. Nf5 Rb3 43. Nc5 Rxb4 44. Ne7 a5 0-1

[Event "*** Titled Tuesday Blitz"]
[Site "Chess.com"]
[Date "2020.03.03"]
[Round "6"]
[White "ElGasanov"]
[Black "riconaipe"]
[Result "1-0"]
[WhiteElo "2711"]
[BlackElo "2551"]
[TimeControl "180+1"]
[EndTime "14:01:27 PST"]
[Termination "ElGasanov won by resignation"]

1. d4 e6 2. Nf3 d5 3. c4 c6 4. Qc2 Nf6 5. Bg5 Nbd7 6. e3 Bd6 7. Nc3 h6 8. Bh4 O-O 9. Rd1 b6 10. Bd3 Bb7 11. O-O Be7 12. cxd5 cxd5 13. Rc1 a6 14. Qb3 b5 15. a4 b4 16. Ne2 a5 17. Bb5 Ba6 18. Qd3 Bxb5 19. Qxb5 Rb8 20. Qa6 Ra8 21. Qd3 Ne4 22. Bxe7 Qxe7 23. Rc6 Rfc8 24. Rfc1 Rxc6 25. Rxc6 e5 26. Qb5 Nef6 27. Qb7 Rb8 28. Qa7 exd4 29. Nexd4 Qe4 30. h3 Qb1+ 31. Kh2 Re8 32. Rc2 b3 33. Rd2 Ne5 34. Nxe5 Rxe5 35. Qb8+ Re8 36. Qxb3 Ne4 37. Rd1 1-0

[Event "*** Titled Tuesday Blitz"]
[Site "Chess.com"]
[Date "2020.03.03"]
[Round "6"]
[White "Rodalquilar"]
[Black "Amirreza_p"]
[Result "1-0"]
[WhiteElo "2623"]
[BlackElo "2774"]
[TimeControl "180+1"]
[EndTime "14:01:28 PST"]
[Termination "Rodalquilar won on time"]

1. d4 d5 2. Bf4 c5 3. e3 Nc6 4. Nf3 cxd4 5. exd4 Bg4 6. c3 e6 7. Nbd2 Nf6 8. Bd3 Bd6 9. Bxd6 Qxd6 10. O-O O-O 11. Re1 Rab8 12. a4 Qc7 13. Qb1 Bh5 14. Ne5 Bg6 15. Nxg6 hxg6 16. Nf3 Qf4 17. Qd1 Nd7 18.
g3 Qf6 19. Kg2 a6 20. h4 Rfe8 21. Qb3 Re7 22. Re2 Rbe8 23. Rae1 Rb8 24. Nh2 Ree8 25. f4 Qd8 26. Nf3 b5 27. axb5 axb5 28. Qc2 b4 29. Ng5 Nf8 30. h5 bxc3 31. hxg6 fxg6 32. Bxg6 Nxg6 33. Qxg6 Rxb2 34. Qf7+ 1-0

[Event "*** Titled Tuesday Blitz"]
[Site "Chess.com"]
[Date "2020.03.03"]
[Round "6"]
[White "Saitama_Hero"]
[Black "Kobalia"]
[Result "1-0"]
[WhiteElo "2324"]
[BlackElo "2614"]
[TimeControl "180+1"]
[EndTime "14:01:29 PST"]
[Termination "Saitama_Hero won by checkmate"]

1. d4 d5 2. c4 c6 3. cxd5 cxd5 4.
Nc3 e6 5. f3 Nc6 6. e3 Bd6 7.
Bd3 f5 8. Nge2 Qh4+ 9. g3 Qe7 10.
e4 dxe4 11. fxe4 fxe4 12. Bxe4 Nf6 13. Bg5 O-O 14. O-O h6 15. Bxf6 Rxf6 16. Rxf6 Qxf6 17. d5 Ne5 18. Nf4 Nc4 19. Qe2 Bxf4 20. Qxc4 Be3+ 21. Kh1 Qd4 22. Qb5 Kf8 23. Rf1+ Ke7 24. Bg6 a6 25.
Qe8+ Kd6 26. Qd8+ Ke5 27. Qc7# 1-0

[Event "*** Titled Tuesday Blitz"]
[Site "Chess.com"]
[Date "2020.03.03"]
[Round "6"]
[White "DanielDardha2005"]
[Black "Hadza_3"]
[Result "1-0"]
[WhiteElo "2666"]
[BlackElo "2375"]
[TimeControl "180+1"]
[EndTime "14:01:29 PST"]
[Termination "DanielDardha2005 won by resignation"]

1. Nf3 Nf6 2. c4 g6 3. Nc3 Bg7 4. e4 d6 5. d4 O-O 6. Be2 e5 7.
d5 a5 8. Bg5 h6 9. Be3 Na6 10.
Nd2 Nd7 11. O-O Ndc5 12. a3 Bd7 13. b3 f5 14. f3 Be8 15. Rb1 Nd7 16. b4 axb4 17.
axb4 Nf6 18. c5 Rf7 19. c6 bxc6 20. dxc6 Kh7 21. Nc4 fxe4 22. fxe4 Nxe4 23. Nxe4 d5 24. b5 Nb8 25. Nc5 Rxf1+ 26. Bxf1 Nxc6 27. bxc6 dxc4 28. Qxd8 Rxd8 29. Nd7 Bxd7 30. Rd1 c3 31. Rxd7 Rb8 32. Rxc7 c2 33. Bc1 Rb1 34. Rxg7+ Kxg7 35. c7 Rxc1 36. c8=Q Rxf1+ 37. Kxf1 c1=Q+ 38. Qxc1 1-0

[Event "*** Titled Tuesday Blitz"]
[Site "Chess.com"]
[Date "2020.03.03"]
[Round "6"]
[White "MusicCityMaster"]
[Black "FelixJoseYnojosa"]
[Result "1/2-1/2"]
[WhiteElo "2390"]
[BlackElo "2664"]
[TimeControl "180+1"]
[EndTime "14:01:30 PST"]
[Termination "Game drawn by repetition"]

1. d4 Nf6 2. Bf4 e6 3. e3 c5 4. Nc3 Nc6 5. d5 exd5 6. Nxd5 Nxd5 7. Qxd5 d6 8. Nf3 Be6 9. Qd2 d5 10. Bb5 Be7 11. O-O O-O 12. Rfd1 Qb6 13. a4 Rfd8 14.
c3 Rac8 15. Ng5 a6 16. Nxe6 fxe6 17. Be2 Bf6 18. Bg4 Na5 19. e4 Nb3 20. Qe2 Nxa1 21.
exd5 Nb3 22. Bxe6+ Kh8 23. Bxc8 Rxc8 24. d6 h6 25. Qe6 Rd8 26. Bxh6 c4 27. Bf4 Na5 28. Rd5 Kh7 29. Rh5+ Kg6 30. Rg5+ Kh7 31. Rh5+ Kg6 32. Rg5+ Kh7 33. Rh5+ 1/2-1/2

[Event "*** Titled Tuesday Blitz"]
[Site "Chess.com"]
[Date "2020.03.03"]
[Round "6"]
[White "Region_07"]
[Black "RemcoSpr"]
[Result "1-0"]
[WhiteElo "2403"]
[BlackElo "2258"]
[TimeControl "180+1"]
[EndTime "14:01:31 PST"]
[Termination "Region_07 won by resignation"]

1. d4 Nf6 2. Bg5 Ne4 3. h4 c5 4.
dxc5 Nxc5 5. Nd2 d5 6. Ngf3 f6 7. Be3 e5 8. Bxc5 Bxc5 9. e3 Nc6 10. Nb3 Bb6 11. h5 Bf5 12. Nh4 Be6 13. Bd3 e4 14.
Bb5 a6 15. Ba4 Rc8 16. c3 O-O 17. Bxc6 bxc6 18. Nd4 Qd7 19. Qa4 c5 20. Qxd7 Bxd7 21. Ndf5 Rce8 22. O-O-O Re5 23. g4 Kf7 24. c4 g6 25.
hxg6+ hxg6 26. Nd6+ Kg7 27. cxd5 Bxg4 28. Rdg1 f5 29.
Nc4 Rxd5 30. Nxb6 Rd3 31. Nc4 Kf6 32. Kc2 Rfd8 33. Ng2 Bd1+ 34. Rxd1 1-0

[Event "*** Titled Tuesday Blitz"]
[Site "Chess.com"]
[Date "2020.03.03"]
[Round "6"]
[White "Parhamov"]
[Black "rasmussvane"]
[Result "1-0"]
[WhiteElo "3054"]
[BlackElo "2897"]
[TimeControl "180+1"]
[EndTime "14:01:32 PST"]
[Termination "Parhamov won on time"]

1. e4 c6 2. d4 d5 3. exd5 cxd5 4. Bd3 Nc6 5. c3 Nf6 6. Nf3 Qc7 7. h3 g6 8. Na3 Bf5 9. Nb5 Qd7 10. Bf4 Rc8 11. Ne5 Nxe5 12. dxe5 Bxd3 13. Qxd3 Ne4 14. Nd4 Bg7 15.
O-O O-O 16. Qe3 Nc5 17. Rad1 a6 18. Bh6 Ne6 19. Bxg7 Kxg7 20. f4 Nxd4 21. Rxd4 e6 22. g4 f5 23. exf6+ Rxf6 24. Re1 Re8 25. Qe5 Kf7 26.
c4 Qc6 27. b3 b5 28. Rc1 dxc4 29. bxc4 b4 30. Rcd1 h6 31. c5 Re7 32. R1d3 Qa4 33.
Qb8 Qc2 34. Qh8 Qc1+ 35. Kg2 Rxf4 36. Rxf4+ Qxf4 37. Rf3 e5 38. Qxh6 1-0

[Event "*** Titled Tuesday Blitz"]
[Site "Chess.com"]
[Date "2020.03.03"]
[Round "6"]
[White "StoreySniper"]
[Black "Zubrrr"]
[Result "0-1"]
[WhiteElo "2440"]
[BlackElo "2655"]
[TimeControl "180+1"]
[EndTime "14:01:34 PST"]
[Termination "Zubrrr won by resignation"]

1. Nf3 f5 2. c4 Nf6 3. d4 g6 4.
b3 Bg7 5. Bb2 O-O 6. Nbd2 d6 7.
g3 Nc6 8. Bg2 e5 9. d5 Ne7 10. O-O h6 11. Qc2 g5 12. e3 Ng6 13.
Ne1 g4 14. Nd3 Qe7 15. Rac1 Bd7 16. c5 Rac8 17. c6 bxc6 18. dxc6 Be6 19. Ba3 Qf7 20. Nc4 Rcd8 21. Ncxe5 Nxe5 22. Nxe5 dxe5 23. Bxf8 Bxf8 24. Rfd1 Bd6 25. Bf1 Rb8 26. Bc4 Bxc4 27. Qxc4 Qxc4 28. Rxc4 Kf7 29. Ra4 Bc5 30. Rd5 Nxd5 31. Ra5 Bb6 32.
Rxd5 Ke6 33. Rd7 h5 34. Rh7 Rd8 35. Rh6+ Kd5 36. Rxh5 Ke4 37. Kg2 Rd2 38. Rh7 Rxa2 39. h4 Bxe3 40. Rxc7 Rxf2+ 41. Kh1 Kf3 42. Rf7 Rf1+ 43.
Kh2 Bg1+ 44. Kh1 Bf2+ 0-1

[Event "*** Titled Tuesday Blitz"]
[Site "Chess.com"]
[Date "2020.03.03"]
[Round "6"]
[White "RiskyDecision"]
[Black "kleopl"]
[Result "0-1"]
[WhiteElo "2614"]
[BlackElo "2486"]
[TimeControl "180+1"]
[EndTime "14:01:34 PST"]
[Termination "kleopl won by resignation"]

1. d4 f5 2. Nf3 Nf6 3. g3 g6 4. Bg2 Bg7 5. O-O O-O 6. b3 d6 7.
Bb2 Ne4 8. Nbd2 c5 9. e3 Nc6 10. Qc1 cxd4 11. Nxd4 Nxd4 12. Bxd4 e5 13. Bb2 Nc5 14.
Bd5+ Be6 15. Bxe6+ Nxe6 16. c4 Qc7 17. Qc2 Qc6 18.
Rad1 Rad8 19. Ba3 Rf7 20. Nb1 d5 21. Nc3 d4 22. Ne2 Ng5 23. f3 Nxf3+ 24. Rxf3 Qxf3 25. exd4 exd4 26. Rd3 Qe4 27. Qd1 Rfd7 28. Nf4 Re8 29.
Nd5 Rxd5 30. cxd5 Qxd5 31. Bb2 Re4 32. Qc1 h5 33. Qd2 Kh7 34. Ba1 Qe5 35. Bb2 Re2 36.
Qc1 Re1+ 0-1

[Event "*** Titled Tuesday Blitz"]
[Site "Chess.com"]
[Date "2020.03.03"]
[Round "6"]
[White "AminMolaei"]
[Black "shanemelaughcm"]
[Result "1-0"]
[WhiteElo "2531"]
[BlackElo "2289"]
[TimeControl "180+1"]
[EndTime "14:01:34 PST"]
[Termination "AminMolaei won by resignation"]

1. d4 e6 2. Nf3 f5 3. g3 Nf6 4. Bg2 Be7 5. O-O O-O 6. c4 d6 7. Nc3 Ne4 8. Nxe4 fxe4 9. Nd2 d5 10. f3 Nc6 11. fxe4 Rxf1+ 12. Qxf1 dxe4 13. e3 Nxd4 14. exd4 Qxd4+ 15. Kh1 e3 16. Nf3 Qe4 17. Ng5 Qg6 18.
Nh3 Bc5 19. Nf4 Qc2 20. Qe2 Qxe2 21. Nxe2 e5 22. b4 Bd4 23. Rb1 Bg4 24. Ng1 Bf5 25. Rb3 Bc2 26. Ra3 c5 27. bxc5 Rc8 28. Bxe3 Rxc5 29.
Bxd4 exd4 30. Rxa7 b5 31. cxb5 Rxb5 32. Rd7 d3 33.
Be4 Ra5 34. Nf3 Rxa2 35. Bd5+ Kf8 36. Bxa2 1-0